 Dungeon Crawl Stone Soup version 0.22.0-27-ga576289601 (webtiles) character file.

17 Acheron the Sneak (level 2, 0/13 HPs)
             Began as a Spriggan Ice Elementalist on Aug 21, 2018.
             Shot with a stone by a goblin (3 damage)
             ... on level 3 of the Dungeon.
             The game lasted 00:20:56 (1695 turns).

Acheron the Sneak (Spriggan Ice Elementalist)       Turns: 1695, Time: 00:20:57

Health: 0/13       AC:  2    Str:  4    XL:     2   Next: 44%
Magic:  1/7        EV: 18    Int: 16    God:
Gold:   116        SH:  0    Dex: 16    Spells: 4/7 levels left

rFire    . . .     SeeInvis +   p - +0 short sword
rCold    . . .     Gourm    .   (shield restricted)
rNeg     . . .     Faith    .   a - +0 robe
rPois    .         Spirit   .   (helmet restricted)
rElec    .         Reflect  .   f - scarf {repulsion}
rCorr    .         Harm     .   (gloves unavailable)
MR       .....                  (boots unavailable)
Stlth    ++........             (no amulet)
HPRegen  0.04/turn              (no ring)
MPRegen  0.10/turn              (no ring)

@: repel missiles, very quick
A: very small, unfitting armour, see invisible, herbivore, speed 3, slow
metabolism 2
a: no special abilities


You were on level 3 of the Dungeon.
You were not hungry.

You visited 1 branch of the dungeon, and saw 5 of its levels.

You collected 116 gold pieces.

Inventory:

Hand Weapons
 g - a +0 hand axe
   (You found it on level 2 of the Dungeon)
 p - a +0 short sword (weapon)
   (You found it on level 2 of the Dungeon)
Missiles
 h - 27 stones (quivered)
 m - 13 poisoned needles
Armour
 a - a +0 robe (worn)
 f - a scarf of repulsion (worn)
   (You found it on level 2 of the Dungeon)
Jewellery
 b - a cursed ring of attention {unknown}
   (You found it on level 1 of the Dungeon)
 i - a +3 ring of protection {unknown}
   (You found it on level 2 of the Dungeon)
 j - a cursed -2 ring of dexterity {unknown}
   (You found it on level 2 of the Dungeon)
Scrolls
 o - 2 scrolls of identify {@r1}
Potions
 c - 2 potions of heal wounds {unknown}
 d - a potion of cancellation {unknown}
 k - a potion of haste {unknown}
 l - a potion of degeneration {unknown}
 n - a potion of berserk rage {unknown}
 q - a potion of flight {unknown}
Comestibles
 e - 6 rations {!d}


   Skills:
 + Level 0.2 Fighting
 * Level 0.3 Short Blades
 + Level 3.2 Dodging
 * Level 3.3 Stealth
 + Level 3.2 Spellcasting
 + Level 0.7 Conjurations
 + Level 2.5 Ice Magic


You had 4 spell levels left.
You knew the following spells:

 Your Spells              Type           Power        Failure   Level  Hunger
a - Freeze                Ice            ##..         7%          1    None
b - Throw Frost           Conj/Ice       #.....       14%         2    ##.....

Your spell library contained the following spells:

 Spells                   Type           Power        Failure   Level  Hunger
 Ozocubu's Armour         Chrm/Ice       #.......     32%         3    ###....
 Throw Icicle             Conj/Ice       #.......     67%         4    ####...
 Summon Ice Beast         Ice/Summ       #.......     73%         4    ####...


Dungeon Overview and Level Annotations

Branches:
Dungeon (5/15)
 Temple: D:4-7

Altars:
Cheibriados
The Shining One

Annotations:
D:2 Jessica


Innate Abilities, Weirdness & Mutations

You are very small and have problems with some larger weapons.
You are too small for most types of armour.
You have supernaturally acute eyesight. (SInv)
You are a herbivore.
You cover ground extremely quickly.
You need to consume almost no food.


Message History

The puff of frost hits the kobold.
You kill the kobold!
Aim: an adder The puff of frost hits the adder.
Aim: an adder (moderately wounded)
You miscast Throw Frost.
You are very lightly contaminated with residual magic.
Frost spreads across the stone staircase leading down.
You climb downwards.
The hobgoblin hits you but does no damage.
The hobgoblin misses you. The worm closely misses you.
There is a stone staircase leading up here.
Found a scroll of identify.
You see here 18 gold pieces.
You now have 116 gold pieces (gained 18).
A goblin comes into view. It is wielding a club.
The hobgoblin barely misses you.
Found a fuming golden potion.
A giant cockroach comes into view.
Found a scroll labeled BAUPASH KINN.
You see here a scroll of identify {@r1}.
o - 2 scrolls of identify {@r1} (gained 1)
You see here a fuming golden potion.
c - 2 fuming golden potions (gained 1)
The giant cockroach barely misses you. The giant cockroach bites you.
Aim: a giant cockroach (clinging)
The puff of frost hits the giant cockroach.
Your magical contamination has completely faded away.
You barely miss the giant cockroach. The giant cockroach closely misses you.
You hit the giant cockroach.
You kill the giant cockroach!
You closely miss the hobgoblin. The hobgoblin misses you.
You hit the hobgoblin. The hobgoblin completely misses you.
You hit the hobgoblin. The hobgoblin completely misses you.
You hit the hobgoblin but do no damage. The hobgoblin closely misses you.
You barely miss the hobgoblin. The hobgoblin hits you with a club.
* * * LOW HITPOINT WARNING * * *
Aim: a hobgoblin, wielding a club (severely wounded)
You freeze the hobgoblin.
You kill the hobgoblin!
Aim: a goblin, wielding a club You freeze the goblin.
The goblin hits you with a club.
* * * LOW HITPOINT WARNING * * *
A quokka comes into view.
A goblin comes into view.
The goblin shouts!
The goblin wields a hunting sling.
The goblin shoots a stone.
The stone hits you.
You die...

..........
g.........
#............
............
......##.r..
#.....#.r..
#........ #@###..#
##.##..##.#
#.........# ######
#....#########...).
##....###
###...####
#.......###.g.###
#......g#...###
#.........###
#.......###


You could see a quokka and 2 goblins.

Vanquished Creatures
  A leopard gecko (D:2)
  2 giant cockroaches
  A hobgoblin (D:3)
  A jackal (D:4)
  A quokka (D:2)
  2 bats (D:3)
  5 frilled lizards
  3 kobolds (D:2)
  A rat (D:3)
17 creatures vanquished.

Notes
Turn   | Place    | Note
-------+----------+-------------------------------------------
     0 | D:1      | Acheron the Spriggan Ice Elementalist began the quest for the Orb.
     0 | D:1      | Reached XP level 1. HP: 9/9 MP: 5/5
   203 | D:2      | Noticed Jessica
   454 | D:2      | Found a snail-covered altar of Cheibriados.
   817 | D:5      | Entered Level 5 of the Dungeon
   996 | D:4      | Noticed an orc wizard
  1004 | D:4      | Found a glowing golden altar of the Shining One.
  1006 | D:4      | Noticed a worker ant
  1124 | D:1      | Reached XP level 2. HP: 13/13 MP: 7/7
  1228 | D:2      | Learned a level 2 spell: Throw Frost
  1695 | D:3      | Shot with a stone by a goblin

Skill      XL: |  1 |
---------------+----+-----
Spellcasting   | 3 |  3.2
Fighting       | |  0.2
Short Blades   | |  0.3
Dodging        | |  3.2
Stealth        | |  3.3
Conjurations   | |  0.7
Ice Magic      | |  2.5

Action                   || total
-------------------------++-------
Melee: Short sword       ||    22
 Cast: Freeze            ||    16
       Throw Frost       ||     3
  Use: Scroll            ||     3
 Stab: Sleeping          ||     2
Armor: Robe              ||     1
Dodge: Dodged            ||    31
       Deflected         ||     1
